AoeStats
← PUNISHER

Golden Pit

507799714Analyzed
1v1 RM · 13d ago on Sep 19, 2026· 56m 35s· 2 players
Game mode
Random Map
Map size
Tiny (2 player)
Population
200
Speed
Normal
Resources
Standard
Victory
Conquest
Starting age
Dark Age
Ending age
Imperial Age
RankedLock teamsTeams togetherTeam positionsShared explorationLock speedFull tech treeHidden civsTurbo modeCheats
Victory
Defeat
🇳🇴 Tupi · Norway
876
+15
🇹🇷 Cumans · Türkiye
861
-15
PUNISHER
4:03 Loom
10:45 Feudal Age
11:18 Town Watch
11:21 Double-Bit Axe
26:07 Castle Age
25:29 Wheelbarrow
28:09 Steppe Husbandry
28:28 Fletching
31:09 Bodkin Arrow
33:49 Bloodlines
35:18 Town Patrol
37:13 Hand Cart
38:26 Forging
38:58 Murder Holes
40:35 Scale Barding Armor
43:27 Ballistics
49:22 Imperial Age
47:29 Gold Mining
48:24 Bow Saw
48:05 Light Cavalry
49:17 Light Cavalry
50:42 Hoardings
51:59 Chemistry
52:17 Hoardings
53:32 Iron Casting
55:54 Blast Furnace
Simba
8:02 Loom
10:23 Feudal Age
12:02 Champi Runner
13:12 Forging
14:39 Scale Mail Armor
20:52 Arson
23:38 Castle Age
23:26 Double-Bit Axe
23:22 Horse Collar
23:33 Gold Mining
26:16 Champi Warrior
30:06 Iron Casting
35:12 Elite Skirmisher
41:16 Imperial Age
39:22 Wheelbarrow
38:32 Town Watch
38:59 Squires
39:34 Bow Saw
40:22 Ballistics
42:46 Conscription
44:54 Hand Cart
44:39 Town Patrol
46:13 Elite Champi Warrior
49:48 Curare
50:26 Gold Shaft Mining
50:52 Two-Man Saw
49:53 Heavy Plow
50:54 Fletching
51:05 Padded Archer Armor
51:20 Chain Mail Armor
52:25 Chemistry
51:28 Murder Holes
52:24 Elite Blackwood Archer
Connection lost

Rejoining the realm…

Still unreachable

The connection could not be restored.

Session expired

The server has moved on; the page needs a fresh start.